 Dungeon Crawl Stone Soup version 0.28-a0-563-gf77a47075d (webtiles) character file.

Game seed: 5746153748114323928

213 pokedragonboy the Shield-Bearer (level 6, -3/48 HPs)
             Began as a Formicid Fighter on Oct 1, 2021.
             Slain by an iguana (9 damage)
             ... on level 4 of the Dungeon.
             The game lasted 00:06:42 (3650 turns).

pokedragonboy the Shield-Bearer (Formicid Fighter)  Turns: 3650, Time: 00:06:43

Health: -3/48      AC: 11    Str: 22    XL:     6   Next: 14%
Magic:  6/6        EV:  6    Int:  8    God:
Gold:   88         SH:  4    Dex: 10    Spells: 5/5 levels left

rFire   . . .      SeeInvis +   a - +0 war axe
rCold   . . .      Faith    .   c - +0 buckler
rNeg    . . .      Spirit   .   g - +0 plate armour
rPois   .          Reflect  .   (helmet unavailable)
rElec   .          Harm     .   (no cloak)
rCorr   .          Rampage  .   (no gloves)
Will    .....                   (no boots)
Stlth   ..........              (no amulet)
HPRegen 0.16/turn               (no ring)
MPRegen 0.10/turn               (no ring)

@: mighty
A: permanent stasis, dig shafts and tunnels, antennae 3, four strong arms
a: Dig, Shaft Self


You were on level 4 of the Dungeon.
You visited 1 branch of the dungeon, and saw 4 of its levels.

You collected 88 gold pieces.

Inventory:

Hand Weapons
 a - a +0 war axe (weapon)
 m - a +0 broad axe
Missiles
 f - 2 javelins (quivered)
 o - 8 boomerangs
Armour
 c - a +0 buckler (worn)
 g - a +0 plate armour (worn)
Scrolls
 b - a scroll of teleportation {unknown}
 e - a scroll of silence {unknown}
 h - a scroll of fog {unknown}
 i - a scroll of enchant armour {unknown}
 j - a scroll of blinking {unknown}
 k - 2 scrolls of identify {unknown}
 l - a scroll of brand weapon {unknown}
 p - a scroll of immolation {unknown}


   Skills:
 + Level 4.2 Fighting
 * Level 3.9 Axes
 + Level 4.2 Armour
 + Level 4.9 Shields


You had 5 spell levels left.
You didn't know any spells.
Your spell library contained the following spells:

 Spells                   Type           Power      Damage    Failure   Level
 Petrify                  Tmut/Erth      0%         N/A       100%        4
 Metabolic Englaciation   Hex/Ice        0%         N/A       100%        5
 Statue Form              Tmut/Erth      0%         N/A       100%        6


Dungeon Overview and Level Annotations

Branches:
Dungeon (4/15)
 Temple: D:4-7

Altars:


Innate Abilities, Weirdness & Mutations

You cannot be hasted, slowed, berserked, paralysed or teleported.
You can dig through walls and to a lower floor.
You have a pair of large antennae on your head. (SInv)
Your four strong arms can wield two-handed weapons with a shield.


Message History

The centaur barely misses you.
The iguana bites you but does no damage.
Okay, then.
Okay, then.
The centaur hits you.
* * * LOW HITPOINT WARNING * * *
The centaur kicks you but does no damage.
The centaur closely misses you.
The centaur kicks you but does no damage.
There is a stone staircase leading down here.
Unknown command.
You feel very mighty all of a sudden.
You block the centaur's attack. x2; The orc hits you with a +0 whip.
* * * LOW HITPOINT WARNING * * *
The iguana bites you but does no damage.
Your plate armour prevents you from hitting the centaur.
The centaur is lightly wounded.
You hit the iguana. You slash the orc!
You kill the orc!
You block the centaur's attack.
The centaur kicks you but does no damage.
The centaur hits you but does no damage.
The centaur completely misses you. You block the iguana's attack.
You closely miss the centaur.
The centaur is lightly wounded.
You hit the iguana. You block the centaur's attack.
The centaur kicks you but does no damage.
The centaur barely misses you. You block the centaur's attack.
The iguana completely misses you.
Unknown command.
You slash the centaur!
The centaur is heavily wounded.
You hit the iguana.
The centaur hits you but does no damage.
The centaur kicks you but does no damage.
The iguana bites you but does no damage.
An endoplasm comes into view.
The centaur hits you but does no damage.
You block the centaur's attack. The iguana bites you!
You die...

. #.# #.#.... .. .. #.#...
...###.##.##'#
........#.##'#######
........#..........#
........#..........#######
#...................
.#####l..........#######
.......c@................
.......)#################
......... ###.........#
.J....... #....)....#.#
.......... #...)<....#.#
........## #.........'.#
######### #.........###
###'#[)......
........#######


You could see a centaur, an iguana and an endoplasm (wandering).

Vanquished Creatures
  2 orc priests (D:3)
  2 orc wizards
  3 adders
  A dart slug (D:1)
  8 orcs
  4 ball pythons
  3 endoplasms
  5 giant cockroaches
  9 hobgoblins
  2 quokkas
  4 bats
  3 frilled lizards
  9 goblins
  9 kobolds
  6 rats
70 creatures vanquished.

Vanquished Creatures (others)
  A plant (D:1)
1 creature vanquished.

Grand Total: 71 creatures vanquished

Notes
Turn   | Place    | Note
-------+----------+-------------------------------------------
     0 | D:1      | pokedragonboy the Formicid Fighter began the quest for the
                  | Orb.
     0 | D:1      | Reached XP level 1. HP: 18/18 MP: 1/1
   223 | D:1      | Reached XP level 2. HP: 13/24 MP: 2/2
   584 | D:1      | Reached XP level 3. HP: 29/29 MP: 3/3
  1108 | D:1      | Found a faded altar of an unknown god.
  1430 | D:2      | Reached XP level 4. HP: 36/36 MP: 4/4
  2482 | D:3      | HP: 1/37 [orc priest (1)]
  2486 | D:3      | Reached XP level 5. HP: 16/42 MP: 5/5
  2927 | D:3      | Noticed a centaur
  3469 | D:4      | Reached XP level 6. HP: 29/48 MP: 6/6
  3650 | D:4      | Slain by an iguana

Illustrated notes

Levels and vault maps discovered:
D:1:      dpeg_arrival_rooms_a, layout_loops_ring,
          shapermc_ecumenical_altar_petra
D:2:      layout_loops_cross
D:3:      layout_loops_ring, grunt_ministairs_11, corexii_corridor_pit
D:4:      layout_basic, ebering_ghost_rock_garden, ldierk_geyser

Skill      XL: |  1  2  3  4  5 |
---------------+----------------+-----
Shields        | 4 |  4.9
Axes           | 3 |  3.9
Armour         | 4 |  4.2
Fighting       | 4 |  4.2

Action                   |  1- 3 |  4- 6 || total
-------------------------+-------+-------++-------
Melee: War axe           |   132 |   106 ||   238
Throw: Javelin           |     1 |       ||     1
 Abil: Dig               |       |     2 ||     2
  Use: Potion            |       |     4 ||     4
Armor: Scale mail        |    23 |       ||    23
       Plate armour      |    52 |   136 ||   188
Dodge: Dodged            |    52 |    58 ||   110
Block: Buckler           |    19 |    63 ||    82

Table legend: (Time is in decaauts)
 A = Elapsed time spent in this place.
 B = Non-inter-level travel time spent in this place.
 C = Inter-level travel time spent in this place.
 D = Time resting spent in this place.
 E = Time spent auto-exploring this place.
 F = Levels seen in this place.
 G = Mean time per level.
                   A        B        C        D        E       F      G
               +--------+--------+--------+--------+--------+-----+--------+
         Total |   3736 |   3594 |    142 |    978 |   1871 |   4 |  934.0 |
       Dungeon |   3736 |   3594 |    142 |    978 |   1871 |   4 |  934.0 |
               +--------+--------+--------+--------+--------+-----+--------+

Top non-repeatable levels by time:
     D:3: 1562 daAuts
     D:1: 1183 daAuts
     D:2: 784 daAuts
     D:4: 206 daAuts
